TOP OF THE 1ST |
---|
Barry's Bay Orioles batting - Pitching for Little Rock Lemmiwinks : RHP Dan Catron | Pitching: RHP Dan Catron | | Batting: SHB José Rojas | 0-0: Ball 1-0: Called Strike 1-1: Fly out, F8 (Flyball, 8RD) | Batting: LHB Lúcio Gómez | 0-0: Called Strike 0-1: Ball 1-1: Foul Ball, location: 2F 1-2: Ball 2-2: Strikes out swinging | Batting: RHB Jim Martin | 0-0: Ball 1-0: Called Strike 1-1: Ball 2-1: Ball 3-1: Called Strike 3-2: Foul Ball, location: 2F 3-2: Base on Balls | Batting: LHB Greg Sharpe | 0-0: Ball 1-0: Called Strike 1-1: Ball 2-1: Ball 3-1: Base on Balls Jim Martin to second | Batting: RHB Lynn Johnson | 0-0: Ball 1-0: Foul Ball, location: 2F 1-1: Ground out 5-3 (Groundball, 56) | Top of the 1st over - 0 runs, 0 hits, 0 errors, 2 left on base; Barry's Bay 0 - Little Rock 0 | BOTTOM OF THE 1ST |
---|
Little Rock Lemmiwinks batting - Pitching for Barry's Bay Orioles : RHP Félix González | Pitching: RHP Félix González | | Batting: RHB Álex Martínez | 0-0: Ball 1-0: Ball 2-0: SINGLE (Flyball, 78S) | Batting: RHB Ánibal Soto | 0-0: Called Strike 0-1: Ball 1-1: Fly out, F3 (Popup, 23F) | Batting: LHB Stanley Smith | 0-0: Ball 1-0: SINGLE (Groundball, 34D) Álex Martínez to second Runner from 2nd tries for 3rd, SAFE, no throw | Batting: LHB Pedro Escobar | 0-0: Called Strike 0-1: Foul Ball, location: 2F 0-2: Ball 1-2: Ball 2-2: Strikes out swinging | Batting: RHB Kokaji Ridha | 0-0: TRIPLE (Line Drive, 8RXD) Álex Martínez scores Stanley Smith scores | Batting: RHB Júlio Colón | 0-0: Ball 1-0: Called Strike 1-1: Ball 2-1: SINGLE (Line Drive, 6M) Kokaji Ridha scores | Batting: RHB Roberto Valdéz | 0-0: SINGLE (Line Drive, 8LS) Júlio Colón to second | Batting: RHB Palmer Frazier | 0-0: Foul Ball, location: 2F 0-1: Foul Ball, location: 2F 0-2: Strikes out looking | Bottom of the 1st over - 3 runs, 5 hits, 0 errors, 2 left on base; Barry's Bay 0 - Little Rock 3 | TOP OF THE 2ND |
---|
Barry's Bay Orioles batting - Pitching for Little Rock Lemmiwinks : RHP Dan Catron | Batting: RHB Juan Morales | 0-0: Ball 1-0: Foul Ball, location: 2F 1-1: Ball 2-1: Called Strike 2-2: Ball 3-2: Foul Ball, location: 2F 3-2: Strikes out looking | Batting: RHB Jason Cook | 0-0: Foul Ball, location: 2F 0-1: Fly out, F9 (Line Drive, 89M) | Batting: RHB Manny Gutiérrez | 0-0: Called Strike 0-1: Ball 1-1: Ball 2-1: Ball 3-1: Base on Balls | Batting: RHB Octávio Aldeguer | 0-0: Foul Ball, location: 2F 0-1: Foul Ball, location: 2F 0-2: Strikes out swinging | Top of the 2nd over - 0 runs, 0 hits, 0 errors, 1 left on base; Barry's Bay 0 - Little Rock 3 | BOTTOM OF THE 2ND |
---|
Little Rock Lemmiwinks batting - Pitching for Barry's Bay Orioles : RHP Félix González | Batting: RHB Norberto Gallardo | 0-0: Called Strike 0-1: SINGLE (Line Drive, 4D) | Batting: RHB Álex Martínez | 0-0: Fly out, F8 (Flyball, 8RM) | Batting: RHB Ánibal Soto | 0-0: Ball 1-0: SINGLE (Line Drive, 8LS) Norberto Gallardo to second | Batting: LHB Stanley Smith | 0-0: Ball 1-0: Fly out, F7 (Flyball, 78S) | Batting: LHB Pedro Escobar | 0-0: Ball 1-0: Ball 2-0: Ball 3-0: Called Strike 3-1: Base on Balls Norberto Gallardo to third Ánibal Soto to second | Batting: RHB Kokaji Ridha | 0-0: Called Strike 0-1: Ball 1-1: Foul Ball, location: 2F 1-2: Ball 2-2: Ball 3-2: SINGLE (Flyball, 89S) Norberto Gallardo scores Ánibal Soto to third Pedro Escobar to second Ánibal Soto scores Pedro Escobar to third | Batting: RHB Júlio Colón | 0-0: Ball 1-0: Swinging Strike 1-1: Called Strike 1-2: Foul Ball, location: 2F 1-2: Ball 2-2: Ball 3-2: Fly out, F6 (Popup, 56D) | Bottom of the 2nd over - 2 runs, 3 hits, 0 errors, 2 left on base; Barry's Bay 0 - Little Rock 5 | TOP OF THE 3RD |
---|
Barry's Bay Orioles batting - Pitching for Little Rock Lemmiwinks : RHP Dan Catron | Batting: SHB José Rojas | 0-0: Called Strike 0-1: Foul Ball, location: 2F 0-2: Ball 1-2: Strikes out swinging | Batting: LHB Lúcio Gómez | 0-0: SINGLE (Flyball, 89S) | Batting: RHB Jim Martin | 0-0: Ball 1-0: Ball 2-0: Foul Ball, location: 2F 2-1: Foul Ball, location: 2F 2-2: Fly out, F4 (Popup, 4S) | Batting: LHB Greg Sharpe | 0-0: Ball 1-0: Called Strike 1-1: Called Strike 1-2: Ground out 4-3 (Groundball, 34) | Top of the 3rd over - 0 runs, 1 hit, 0 errors, 1 left on base; Barry's Bay 0 - Little Rock 5 | BOTTOM OF THE 3RD |
---|
Little Rock Lemmiwinks batting - Pitching for Barry's Bay Orioles : RHP Félix González | Batting: RHB Roberto Valdéz | 0-0: Ball 1-0: Called Strike 1-1: Ground out 6-3 (Groundball, 56) | Batting: RHB Palmer Frazier | 0-0: Called Strike 0-1: Ball 1-1: Ball 2-1: Swinging Strike 2-2: Ball 3-2: Foul Ball, location: 2F 3-2: Foul Ball, location: 2F 3-2: Strikes out swinging | Batting: RHB Norberto Gallardo | 0-0: Foul Ball, location: 2F 0-1: Ball 1-1: Ground out 5-3 (Groundball, 56) | Bottom of the 3rd over - 0 runs, 0 hits, 0 errors, 0 left on base; Barry's Bay 0 - Little Rock 5 | TOP OF THE 4TH |
---|
Barry's Bay Orioles batting - Pitching for Little Rock Lemmiwinks : RHP Dan Catron | Batting: RHB Lynn Johnson | 0-0: Called Strike 0-1: Swinging Strike 0-2: Ball 1-2: Ball 2-2: Foul Ball, location: 2F 2-2: Ball 3-2: SINGLE (Groundball, 6MD) | Batting: RHB Juan Morales | 0-0: Ball 1-0: Foul Ball, location: 2F 1-1: Ball 2-1: Ball 3-1: Called Strike 3-2: Strikes out swinging | Batting: RHB Jason Cook | 0-0: Called Strike 0-1: Foul Ball, location: 2F 0-2: Strikes out looking | Batting: RHB Manny Gutiérrez | 0-0: Ball 1-0: Fly out, F5 (Popup, 5SF) | Top of the 4th over - 0 runs, 1 hit, 0 errors, 1 left on base; Barry's Bay 0 - Little Rock 5 | BOTTOM OF THE 4TH |
---|
Little Rock Lemmiwinks batting - Pitching for Barry's Bay Orioles : RHP Félix González | Batting: RHB Álex Martínez | 0-0: Ball 1-0: Ball 2-0: Foul Ball, location: 2F 2-1: Ball 3-1: Called Strike 3-2: DOUBLE (Flyball, 78D) | Batting: RHB Ánibal Soto | 0-0: Ball 1-0: Ball 2-0: Ball 3-0: Base on Balls | Pitching: LHP José Meléndez | | Batting: LHB Stanley Smith | 0-0: Ball 1-0: Called Strike 1-1: Ball 2-1: Foul Ball, location: 2F 2-2: Foul Ball, location: 2F 2-2: Strikes out swinging | Batting: LHB Pedro Escobar | 0-0: Called Strike 0-1: SINGLE (Line Drive, 89S) Álex Martínez to third Ánibal Soto to second Runner from 3rd tries for Home, SAFE, no throw | Batting: RHB Kokaji Ridha | 0-0: Called Strike 0-1: Called Strike 0-2: Ball 1-2: Strikes out swinging | Batting: RHB Júlio Colón | 0-0: Ball 1-0: Fielders Choice at 2nd, 6-4 (Groundball, 6) | Bottom of the 4th over - 1 run, 2 hits, 0 errors, 2 left on base; Barry's Bay 0 - Little Rock 6 | TOP OF THE 5TH |
---|
Barry's Bay Orioles batting - Pitching for Little Rock Lemmiwinks : RHP Dan Catron | Batting: RHB Octávio Aldeguer | 0-0: Ball 1-0: Foul Ball, location: 2F 1-1: SINGLE (Groundball, 4D) | Batting: SHB José Rojas | 0-0: Ball Octávio Aldeguer steals 2nd base 1-0: Ball 2-0: Ball 3-0: Called Strike 3-1: Base on Balls | Batting: LHB Lúcio Gómez | 0-0: Ball 1-0: Ball 2-0: Ball 3-0: Called Strike 3-1: Swinging Strike 3-2: Strikes out looking | Batting: RHB Jim Martin | 0-0: Called Strike 0-1: Foul Ball, location: 2F 0-2: Foul Ball, location: 2F 0-2: Fly out, F7 (Flyball, 78M) | Batting: LHB Greg Sharpe | 0-0: Called Strike 0-1: Ball 1-1: Swinging Strike 1-2: Strikes out swinging | Top of the 5th over - 0 runs, 1 hit, 0 errors, 2 left on base; Barry's Bay 0 - Little Rock 6 | BOTTOM OF THE 5TH |
---|
Little Rock Lemmiwinks batting - Pitching for Barry's Bay Orioles : LHP José Meléndez | Batting: RHB Roberto Valdéz | 0-0: Ball 1-0: Ball 2-0: Fly out, F9 (Flyball, 9D) | Batting: RHB Palmer Frazier | 0-0: Ball 1-0: Ball 2-0: Called Strike 2-1: Fly out, F7 (Flyball, 7LSF) | Batting: RHB Norberto Gallardo | 0-0: Ball 1-0: Ball 2-0: Swinging Strike 2-1: Swinging Strike 2-2: Foul Ball, location: 2F 2-2: Ball 3-2: Foul Ball, location: 2F 3-2: Strikes out swinging | Bottom of the 5th over - 0 runs, 0 hits, 0 errors, 0 left on base; Barry's Bay 0 - Little Rock 6 | TOP OF THE 6TH |
---|
Barry's Bay Orioles batting - Pitching for Little Rock Lemmiwinks : RHP Dan Catron | Batting: RHB Lynn Johnson | 0-0: Ball 1-0: Ball 2-0: Called Strike 2-1: Foul Ball, location: 2F 2-2: Strikes out looking | Batting: RHB Juan Morales | 0-0: Ball 1-0: Ground out 6-3 (Groundball, 6) | Batting: RHB Jason Cook | 0-0: Called Strike 0-1: Foul Ball, location: 2F 0-2: Strikes out swinging | Top of the 6th over - 0 runs, 0 hits, 0 errors, 0 left on base; Barry's Bay 0 - Little Rock 6 | BOTTOM OF THE 6TH |
---|
Little Rock Lemmiwinks batting - Pitching for Barry's Bay Orioles : LHP José Meléndez | Batting: RHB Álex Martínez | 0-0: Fly out, F9 (Flyball, 9S) | Batting: RHB Ánibal Soto | 0-0: Ball 1-0: Called Strike 1-1: Fly out, F8 (Line Drive, 8LXD) | Batting: LHB Stanley Smith | 0-0: Called Strike 0-1: Foul Ball, location: 2F 0-2: SINGLE (Flyball, 7LS) | Batting: LHB Pedro Escobar | 0-0: Called Strike 0-1: Ball 1-1: Ball 2-1: Ground out 4-3 (Groundball, 34) | Bottom of the 6th over - 0 runs, 1 hit, 0 errors, 1 left on base; Barry's Bay 0 - Little Rock 6 | TOP OF THE 7TH |
---|
Barry's Bay Orioles batting - Pitching for Little Rock Lemmiwinks : RHP Dan Catron | Batting: RHB Manny Gutiérrez | 0-0: Called Strike 0-1: Fly out, F8 (Flyball, 8LXD) | Batting: RHB Octávio Aldeguer | 0-0: Called Strike 0-1: Ball 1-1: Foul Ball, location: 2F 1-2: Ball 2-2: Ball 3-2: Base on Balls | Pitching: LHP Rick Davis | | Batting: SHB José Rojas | 0-0: Ball 1-0: Called Strike 1-1: Foul Ball, location: 2F 1-2: Ball Octávio Aldeguer is caught stealing 2nd base 2-2: Foul Ball, location: 2F 2-2: Fly out, F4 (Popup, 4D) | Top of the 7th over - 0 runs, 0 hits, 0 errors, 0 left on base; Barry's Bay 0 - Little Rock 6 | BOTTOM OF THE 7TH |
---|
Little Rock Lemmiwinks batting - Pitching for Barry's Bay Orioles : LHP José Meléndez | Batting: RHB Kokaji Ridha | 0-0: Fly out, F6 (Line Drive, 6) | Batting: RHB Júlio Colón | 0-0: Foul Ball, location: 2F 0-1: Foul Ball, location: 2F 0-2: Ball 1-2: Strikes out swinging | Batting: RHB Roberto Valdéz | 0-0: Called Strike 0-1: SINGLE (Line Drive, 8LS) | Batting: RHB Palmer Frazier | 0-0: Called Strike 0-1: Swinging Strike 0-2: Ball 1-2: Strikes out looking | Bottom of the 7th over - 0 runs, 1 hit, 0 errors, 1 left on base; Barry's Bay 0 - Little Rock 6 | TOP OF THE 8TH |
---|
Barry's Bay Orioles batting - Pitching for Little Rock Lemmiwinks : LHP Rick Davis | Now in CF: Álex Ochoa | | Batting: LHB Lúcio Gómez | 0-0: Ball 1-0: Ground out 4-3 (Groundball, 4) | Batting: RHB Jim Martin | 0-0: Ball 1-0: Ball 2-0: Foul Ball, location: 2F 2-1: Called Strike 2-2: Foul Ball, location: 2F 2-2: SOLO HOME RUN (Flyball, 78XD), Distance : 397 ft | Batting: LHB Greg Sharpe | 0-0: Ground out 1-3 (Groundball, 13) | Batting: RHB Lynn Johnson | 0-0: Ball 1-0: Foul Ball, location: 2F 1-1: Ball 2-1: Foul Ball, location: 2F 2-2: Strikes out swinging, 2-3 out at first. | Top of the 8th over - 1 run, 1 hit, 0 errors, 0 left on base; Barry's Bay 1 - Little Rock 6 | BOTTOM OF THE 8TH |
---|
Little Rock Lemmiwinks batting - Pitching for Barry's Bay Orioles : LHP José Meléndez | Batting: RHB Norberto Gallardo | 0-0: Ball 1-0: Called Strike 1-1: Swinging Strike 1-2: Hit by Pitch | Batting: RHB Álex Martínez | 0-0: Called Strike 0-1: Ball 1-1: Fly out, F9 (Line Drive, 9LM) | Batting: RHB Ánibal Soto | 0-0: Ball 1-0: Foul Ball, location: 2F 1-1: Reached via error on a dropped throw, E1 Norberto Gallardo to second | Batting: LHB Stanley Smith | 0-0: Ball 1-0: Ball 2-0: Called Strike 2-1: Ball 3-1: Called Strike 3-2: Foul Ball, location: 2F 3-2: TRIPLE (Flyball, 89XD) Norberto Gallardo scores Ánibal Soto scores | Pitching: RHP Gordon Young | | Batting: LHB Pedro Escobar | 0-0: Called Strike 0-1: Foul Ball, location: 2F 0-2: Fly out, F9 (Flyball, 9LS) Runner from 3rd tags up, SCORES, no throw | Batting: RHB Álex Ochoa | 0-0: Ball 1-0: Ball 2-0: Ground out 5-3 (Groundball, 56) | Bottom of the 8th over - 3 runs, 1 hit, 1 error, 0 left on base; Barry's Bay 1 - Little Rock 9 | TOP OF THE 9TH |
---|
Barry's Bay Orioles batting - Pitching for Little Rock Lemmiwinks : LHP Rick Davis | Now at 3B: Jack Crossey | | Now in RF: Francisco Gonzáles | | Batting: RHB Juan Morales | 0-0: Ball 1-0: Ball 2-0: Ball 3-0: Called Strike 3-1: SOLO HOME RUN (Flyball, 7D), Distance : 397 ft | Batting: RHB Jason Cook | 0-0: Ground out 5-3 (Groundball, 56) | Batting: RHB Manny Gutiérrez | 0-0: Called Strike 0-1: Foul Ball, location: 2F 0-2: Foul Ball, location: 2F 0-2: Ball 1-2: Ball 2-2: Ball 3-2: Strikes out looking and he ARGUES THE CALL AND IS TOSSED! | Batting: RHB Octávio Aldeguer | 0-0: Ball 1-0: Called Strike 1-1: Called Strike 1-2: Strikes out looking | Top of the 9th over - 1 run, 1 hit, 0 errors, 0 left on base; Barry's Bay 2 - Little Rock 9 | |